 Dungeon Crawl Stone Soup version 0.23.2 (webtiles) character file.

Game seed: 3973429288731282385

57 Gingko the Chopper (level 4, 0/58 HPs)
             Began as a Hill Orc Berserker on Apr 7, 2019.
             Was a Believer of Trog.
             Slain by an adder (2 damage)
             ... on level 1 of the Dungeon.
             The game lasted 00:04:31 (1773 turns).

Gingko the Chopper (Hill Orc Berserker)             Turns: 1773, Time: 00:04:32

Health: 0/58       AC:  2    Str: 25    XL:     4   Next: 0%
Magic:  4/4        EV: 11    Int:  7    God:    Trog [**....]
Gold:   77         SH:  5    Dex: 10    Spells: 3/3 levels left

rFire    . . .     SeeInvis .   a - +0 hand axe
rCold    . . .     Gourm    .   d - +2 buckler
rNeg     . . .     Faith    .   b - +0 animal skin
rPois    .         Spirit   .   (no helmet)
rElec    .         Reflect  .   (no cloak)
rCorr    .         Harm     .   (no gloves)
MR       .....                  (no boots)
Stlth    ..........             (no amulet)
HPRegen  0.19/turn              (no ring)
MPRegen  0.09/turn              (no ring)

@: berserking, lethally poisoned (0 -> -4), very quick
A: no striking features
a: Berserk, Trog's Hand, Renounce Religion


You were on level 1 of the Dungeon.
You worshipped Trog.
Trog was pleased with you.
You were not hungry.

You visited 1 branch of the dungeon, and saw 2 of its levels.

You collected 77 gold pieces.

Inventory:

Hand Weapons
 a - a +0 hand axe (weapon)
Missiles
 g - 21 poisoned needles
 l - 20 arrows
Armour
 b - a +0 animal skin (worn)
 d - a +2 buckler (worn)
Jewellery
 e - an uncursed ring of fire {unknown}
 i - a cursed -5 ring of slaying {unknown}
Scrolls
 f - a scroll of identify {unknown}
 j - a scroll of remove curse {unknown}
Potions
 h - a potion of brilliance {unknown}
Comestibles
 c - a ration
 k - a chunk of flesh


   Skills:
 - Level 3.6 Fighting
 + Level 6.3 Axes
 - Level 2.1 Armour
 - Level 1.5 Dodging


You had 3 spell levels left.
You didn't know any spells.
Your spell library was empty.

Dungeon Overview and Level Annotations

Branches:
Dungeon (2/15)

Altars:
Cheibriados


Message History

You miss the adder.
The adder is heavily wounded.
You closely miss the adder.
The adder bites you but does no damage. x2
Unknown command.
You closely miss the adder.
The adder is severely wounded.
You slash the adder!
You kill the adder!
Trog accepts your kill.
You have reached level 4!
* * * LOW HITPOINT WARNING * * *
You feel sick. The adder misses you.
You miss the adder.
The adder is severely wounded.
The adder bites you.
* * * LOW HITPOINT WARNING * * *
You barely miss the adder.
The adder is severely wounded.
The adder bites you.
You die...

#.....(...# #.#####.# ######
#.#######.# #.# #.# #.....
#.#######.# #.# #.# #.####
#......##.# #.# #.# #.#
#######.##.# #.# #.######.####
#........#.###'#####......#.#...
#.####.###.##............##.#.##
#.####....(##.).)........##.....
#.#..#.######.S@)........####.#.
#.#..#.# #...................
##.#..#.# #.................#.
......#.#######'#######.##.....#.
##.##.#.#.......# #........#.
...##.#.#.####### #........#.
......#.#.# ###........#.
..#####.#.# #.......(#.#.
#.....#.#.# #.#.####.#.#.


You could see an adder.

Vanquished Creatures
  A gnoll (D:1)
  An adder (D:1)
  2 dart slugs (D:1)
  6 hobgoblins (D:1)
  6 jackals (D:1)
  A ball python (D:1)
  5 bats (D:1)
  3 frilled lizards (D:1)
  A goblin (D:1)
  4 kobolds (D:1)
  3 rats (D:1)
33 creatures vanquished.

Notes
Turn   | Place    | Note
-------+----------+-------------------------------------------
     0 | D:1      | Gingko the Hill Orc Berserker began the quest for the Orb.
     0 | D:1      | Reached XP level 1. HP: 19/19 MP: 1/1
   333 | D:1      | Reached XP level 2. HP: 20/26 MP: 2/2
   484 | D:1      | Reached skill level 5 in Axes
   852 | D:1      | Reached XP level 3. HP: 8/31 MP: 3/3
  1748 | D:2      | Found a snail-covered altar of Cheibriados.
  1753 | D:1      | Reached skill level 6 in Axes
  1768 | D:1      | Reached ** piety under Trog
  1771 | D:1      | Reached XP level 4. HP: 4/39 MP: 4/4
  1772 | D:1      | HP: 2/58 [adder (2)]
  1773 | D:1      | Slain by an adder

Skill      XL: |  1  2  3 |
---------------+----------+-----
Axes           | 5 6 |  6.3
Fighting       | |  3.6
Armour         | |  2.1
Dodging        | |  1.5

Action                   |  1- 3 |  4- 6 || total
-------------------------+-------+-------++-------
Melee: Hand axe          |    74 |     2 ||    76
Invok: Berserk           |     2 |       ||     2
 Stab: Sleeping          |     2 |       ||     2
  Eat: Chunk             |     4 |       ||     4
Armor: Animal skin       |    12 |       ||    12
Dodge: Dodged            |    54 |     1 ||    55
Block: Buckler           |     9 |       ||     9
